Map: Acid Plant LE

Players

llllllllllll (Oliveira) - Winner!

  • Race: Terran Terran
  • League: Grandmaster
  • Spawn Location: 5:00

SpeCial

  • Race: Terran Terran
  • League: Master
  • Spawn Location: 11:00

VOD

Have the link to the VOD?

Description

Time

  • Played on: Feb. 13, 2018, 10:02 a.m.
  • Length: 9:20
Show
View Real Time Build Order
Export as new Build Order

llllllllllll Terran - Winner!

Build Orders: MMM Bio 

Get SALT Encoding   

  12  0:01  SCV  
  13  0:13  SCV  
  14  0:18  Supply Depot  
  14  0:25  SCV  
  15  0:40  Barracks  
  15  0:42  SCV  
  16  0:49  Refinery  
  16  1:01  Barracks  
  16  1:05  SCV  
  17  1:28  Orbital Command, Refinery  
  17  1:32  Reaper  
  18  1:43  Supply Depot  
  18  1:50  Reaper  
  18  1:53  SCV  
  20  2:04  Reaper  
  20  2:05  SCV  
  22  2:18  SCV  
  22  2:22  Supply Depot, Reaper  
  24  2:30  SCV  
  24  2:32  Factory  
  25  2:37  Reaper  
  25  2:42  SCV  
  26  2:54  SCV  
  28  3:06  SCV  
  29  3:15  Cyclone  
  32  3:23  SCV  
  32  3:24  Starport  
  32  3:37  Command Center  
  32  3:48  Cyclone, SCV  
  36  3:55  Supply Depot  
  36  4:00  SCV  
  37  4:09  Viking  
  40  4:17  SCV  
  40  4:22  Cyclone, Liberator  
  43  4:25  Supply Depot  
  43  4:30  SCV  
  44  4:44  Barracks Reactor  
  44  4:45  SCV  
  47  4:51  Orbital Command  
  47  4:59  Orbital Command  
  47  5:05  SCV  
  51  5:11  Command Center, Factory Tech Lab  
  48  5:20  SCV  
  49  5:22  Marine x2  
  49  5:25  SCV  
  52  5:32  SCV  
  52  5:33  Siege Tank, Refinery  
  52  5:35  Refinery  
  56  5:37  SCV  
  57  5:43  Marine  
  57  5:44  SCV, Marine  
  57  5:49  SCV  
  57  5:56  SCV  
  57  6:02  SCV  
  59  6:05  Siege Tank  
  59  6:08  SCV  
  59  6:10  Barracks x2  
  62  6:14  SCV  
  63  6:18  Barracks Tech Lab  
  63  6:20  SCV  
  63  6:25  Orbital Command  
  61  6:26  SCV  
  61  6:30  Starport Reactor  
  61  6:32  SCV  
  63  6:36  Engineering Bay  
  63  6:38  SCV, Stimpack, Engineering Bay  
  64  6:44  SCV, Siege Tank  
  68  6:47  Marine  
  68  6:50  SCV  
  71  6:54  SCV  
  71  6:56  SCV  
  72  7:02  SCV  
  72  7:04  Marine  
  72  7:06  Supply Depot, Terran Infantry Armor Level 1, Terran Infantry Weapons Level 1  
  72  7:07  Barracks Tech Lab  
  74  7:11  Marine x2  
  74  7:14  SCV x2  
  77  7:16  Siege Tank  
  77  7:22  Medivac x2  
  84  7:25  Orbital Command  
  84  7:26  SCV  
  84  7:28  SCV  
  84  7:29  Marine x2  
  87  7:30  Supply Depot, Marauder  
  87  7:32  Marine  
  90  7:38  SCV  
  90  7:40  SCV  
  90  7:41  Combat Shields  
  92  7:47  Marine  
  93  7:52  SCV x3, Marine, Marauder  
  93  7:53  Marine  
  93  7:54  Supply Depot  
  100  8:00  Supply Depot  
  100  8:04  SCV  
  101  8:09  Supply Depot  
  101  8:11  Barracks  
  101  8:12  Barracks  
  101  8:15  SCV x2, Siege Tank, Marine x2  
  101  8:16  Supply Depot, SCV  
  109  8:21  Marine x2  
  109  8:23  Supply Depot  
  109  8:28  SCV  
  109  8:33  Marine x2  
  111  8:39  Marine  
  111  8:40  Marauder  
  100  8:45  Medivac x2  
  100  8:47  SCV  
  100  8:48  Siege Tank  
  104  8:51  Marine, Marauder  
  107  8:57  SCV  
  107  8:59  Barracks Reactor, Armory  
  107  9:00  Barracks Reactor  
  110  9:03  SCV x2  
  110  9:06  Refinery x2  
  110  9:07  Factory  
Show
View Real Time Build Order
Export as new Build Order

SpeCial Terran 

Build Orders: Reaper Expand 

Get SALT Encoding   

  12  0:01  SCV  
  13  0:13  SCV  
  14  0:17  Supply Depot  
  14  0:25  SCV  
  15  0:39  SCV  
  15  0:41  Barracks  
  16  0:44  Refinery  
  16  0:51  SCV  
  17  1:03  SCV  
  18  1:15  SCV  
  19  1:29  Reaper, Orbital Command  
  20  1:41  Command Center  
  20  1:52  Supply Depot  
  20  1:54  SCV  
  21  2:01  Marine  
  22  2:10  Factory  
  22  2:14  SCV  
  23  2:18  Refinery  
  23  2:19  Marine  
  24  2:26  SCV  
  25  2:37  Marine  
  25  2:38  SCV  
  25  2:39  Supply Depot  
  27  2:50  SCV  
  28  2:54  Hellion  
  28  2:55  Marine  
  28  2:56  Starport  
  31  3:02  SCV  
  32  3:12  Marine  
  32  3:14  Command Center  
  33  3:21  Cyclone  
  36  3:27  Supply Depot  
  36  3:30  Marine  
  37  3:37  Medivac  
  39  3:48  Marine  
  39  3:49  SCV  
  39  3:54  Supply Depot  
  44  3:55  Cyclone  
  44  4:01  Liberator  
  44  4:09  Barracks Reactor  
  44  4:18  Supply Depot  
  47  4:25  SCV  
  47  4:27  Orbital Command  
  47  4:37  Cyclone  
  50  4:39  SCV  
  50  4:51  SCV  
  51  4:57  Orbital Command  
  49  5:03  SCV  
  44  5:10  Command Center  
  44  5:15  SCV  
  44  5:19  Cyclone x2  
  51  5:25  SCV  
  51  5:27  SCV  
  53  5:36  Refinery x2  
  53  5:37  SCV  
  54  5:47  SCV  
  53  5:50  SCV  
  53  5:59  Viking, SCV  
  53  6:02  Factory Tech Lab  
  53  6:03  SCV  
  57  6:09  Marine x2  
  57  6:11  SCV  
  59  6:15  SCV  
  60  6:21  Siege Tank  
  60  6:22  Orbital Command  
  63  6:27  Engineering Bay x2, Marine x2  
  63  6:28  SCV x2  
  63  6:31  Starport Tech Lab  
  67  6:40  SCV  
  67  6:42  SCV  
  71  6:49  Orbital Command  
  71  6:52  SCV  
  70  6:54  Orbital Command  
  70  6:55  Terran Infantry Armor Level 1, Terran Infantry Weapons Level 1  
  70  6:58  Barracks  
  70  6:59  Starport Reactor  
  70  7:00  SCV  
  71  7:01  Barracks  
  71  7:04  SCV  
  72  7:09  Siege Tank  
  72  7:11  Marine  
  72  7:12  Stimpack  
  72  7:13  SCV  
  77  7:16  SCV  
  77  7:20  SCV  
  79  7:25  SCV  
  79  7:28  SCV  
  79  7:29  Marine  
  82  7:30  Supply Depot  
  82  7:32  SCV  
  83  7:37  SCV  
  83  7:40  SCV  
  83  7:43  Starport Reactor  
  83  7:44  SCV  
  83  7:46  Barracks  
  83  7:47  Barracks  
  83  7:49  SCV  
  85  7:52  SCV, Siege Tank, Marine x2  
  85  7:53  Supply Depot  
  85  7:56  SCV  
  92  7:58  Marine  
  92  8:01  Marine x2  
  92  8:02  SCV  
  93  8:13  SCV x2, Marine x2  
  93  8:14  SCV  
  93  8:15  Supply Depot  
  93  8:16  Marine  
  99  8:21  Medivac x2  
  99  8:22  Marine x2  
  99  8:25  SCV x2  
  99  8:26  SCV  
  108  8:30  Supply Depot x2  
  108  8:35  Siege Tank, Marine x2  
  108  8:37  SCV x2  
  108  8:38  SCV  
  91  8:42  Marine x2  
  91  8:45  Marine  
  84  8:50  SCV x3, Orbital Command  
  84  8:53  Marine x2  
  90  8:59  Barracks Reactor  
  90  9:02  SCV  
Tags
 
Add a new tag
Caveats
  • Supply blocks, unpowered buildings, or Contaminate may cause inaccurate times.
  • Supply counts are checked every 10 seconds.